 Dungeon Crawl Stone Soup version 0.31-a0-455-g1a7b003ef0 (webtiles) character file.

Game seed: 17896742764295285984

54 zazu2006 the Chopper (level 3, -5/31 HPs)
             Began as a Gnoll Wanderer on Aug 4, 2023.
             Was an Initiate of Vehumet.
             Slain by Natasha (6 damage)
             ... on level 2 of the Dungeon.
             The game lasted 00:02:25 (830 turns).

zazu2006 the Chopper (Gnoll Wanderer)                Turns: 830, Time: 00:02:26

Health: -5/31      AC:  8    Str: 13    XL:     3   Next: 91%
Magic:  9/9        EV:  9    Int: 12    God:    Vehumet [......]
Gold:   95         SH:  0    Dex: 10    Spells: 11/12 levels left

rFire   + . .        a - +3 hand axe
rCold   . . .        (no shield)
rNeg    . . .        d - +2 scale mail {rF+}
rPois   .            (no helmet)
rElec   .            (no cloak)
rCorr   .            (no gloves)
SInv    .            (no boots)
Will    .....        (no amulet)
Stlth   +            (no ring)
HPRegen 0.25/turn    (no ring)
MPRegen 0.11/turn

%: no passive effects
@: no status effects
A: fangs 1, strong nose, distributed training
a: Renounce Religion


You were on level 2 of the Dungeon.
You worshipped Vehumet.
Vehumet was noncommittal.
You visited 1 branch of the dungeon, and saw 2 of its levels.

You collected 95 gold pieces.

Inventory:

Hand Weapons
 a - a +3 hand axe (weapon)
Armour
 c - a +0 leather armour
 d - a +2 scale mail of fire resistance (worn)
Scrolls
 e - 2 scrolls of teleportation {unknown}
 h - 3 scrolls of immolation {unknown}
 k - a scroll of identify {unknown}
Potions
 b - a potion of attraction
 g - a potion of brilliance {unknown}
 i - a potion of berserk rage {unknown}
 j - a potion of haste {unknown}


   Skills:
 + Level 4.6 Fighting
 + Level 1.0 Short Blades
 + Level 1.0 Long Blades
 + Level 6.5 Axes
 + Level 1.0 Maces & Flails
 + Level 1.0 Polearms
 + Level 1.0 Staves
 + Level 1.0 Ranged Weapons
 + Level 1.0 Throwing
 + Level 2.7 Armour
 + Level 1.0 Dodging
 + Level 2.5 Stealth
 + Level 1.0 Shields
 + Level 1.0 Unarmed Combat
 + Level 5.0 Spellcasting
 + Level 0.7 Conjurations
 + Level 0.7 Hexes
 + Level 0.7 Summonings
 + Level 0.7 Necromancy
 + Level 0.7 Translocations
 + Level 0.7 Transmutations
 + Level 0.7 Fire Magic
 + Level 0.7 Ice Magic
 + Level 2.2 Air Magic
 + Level 0.7 Earth Magic
 + Level 0.7 Poison Magic
 + Level 1.1 Invocations
 + Level 1.0 Evocations
 + Level 0.7 Shapeshifting


You had 11 spell levels left.
You knew the following spells:

 Your Spells              Type           Power      Damage    Failure   Level
a - Shock                 Conj/Air       24%        1d4       45%         1

Your spell library contained the following spells:

 Spells                   Type           Power      Damage    Failure   Level
 Swiftness                Air            8%         N/A       73%         3
 Vhi's Electric Charge    Tloc/Air       12%        N/A       83%         3
 Arcjolt                  Conj/Air       3%         1d13      100%        5
 Plasma Beam              Fire/Air       3%         2x1d13    100%        6


Dungeon Overview and Level Annotations

Branches:
Dungeon (2/15)

Altars:
Vehumet

Shops:
D:1 :

Annotations:
D:2 Natasha


Innate Abilities, Weirdness & Mutations

You have very sharp teeth.
Your uncanny sense of smell can sniff out nearby items.
Your experience applies equally to all skills.


Message History

You hit Natasha.
Natasha is moderately wounded.
You feel sick. The cerulean imp barely misses you. Natasha claws you.
You hit Natasha.
Natasha is severely wounded.
You feel sick.
You barely miss Natasha.
Natasha is severely wounded.
You feel sick. Natasha claws you.
* * * LOW HITPOINT WARNING * * *
The cerulean imp hits you from afar with a +0 spear.
* * * LOW HITPOINT WARNING * * *
You closely miss Natasha.
Natasha is severely wounded.
* * * LOW HITPOINT WARNING * * *
You feel sick. Natasha closely misses you.
The cerulean imp hits you from afar with a +0 spear.
* * * LOW HITPOINT WARNING * * *
It was a potion of curing.
You feel better.
The goblin no longer looks unusually strong.
Natasha barely misses you.
The cerulean imp hits you from afar with a +0 spear.
* * * LOW HITPOINT WARNING * * *
You closely miss Natasha.
Natasha is severely wounded.
Natasha claws you.
* * * LOW HITPOINT WARNING * * *
The cerulean imp barely misses you.
Unknown command.
You hit Natasha. Your bite misses Natasha.
Natasha is almost dead.
Natasha stares at you and mumbles some strange words.
The magic dart hits you.
* * * LOW HITPOINT WARNING * * *
The cerulean imp hits you from afar with a +0 spear.
* * * LOW HITPOINT WARNING * * *
You closely miss Natasha.
Natasha is almost dead.
Natasha claws you.
You die...

##.##......#
#.##<.....#
#..##.....#
##..'.....#
####(....#
######..##
..........####
.......†..[†.#
..........##@#
..........##h#
..........##5g.#
..........####.#
..........# ...
.........# '#.#
.......... ...
... ..


You could see Natasha, a cerulean imp (summoned) and a goblin.

Vanquished Creatures
  Robin (D:2)
  3 dart slugs
  A ball python (D:2)
  4 bats
  3 endoplasms (D:1)
  5 goblins
  3 hobgoblins
  6 jackals (D:1)
  2 kobolds (D:1)
  2 quokkas
  3 rats
33 creatures vanquished.

Notes
Turn   | Place    | Note
-------+----------+-------------------------------------------
     0 | D:1      | zazu2006 the Gnoll Wanderer began the quest for the Orb.
     0 | D:1      | zazu2006 set off with the following items: a +3 hand axe, a
                  | potion of attraction, a +0 leather armour; and the
                  | following spell memorised: Shock; and the following spells
                  | available to memorise: Swiftness.
     0 | D:1      | Reached XP level 1. HP: 20/20 MP: 6/6
    44 | D:1      | Reached XP level 2. HP: 26/26 MP: 7/7
    66 | D:1      | Noticed a walking divine tome
    68 | D:1      | Found Neclam's Book Shoppe.
    69 | D:1      | Noticed a walking divine tome
   219 | D:1      | Reached skill level 5 in Spellcasting
   219 | D:1      | Reached XP level 3. HP: 30/31 MP: 7/9
   746 | D:2      | Found a radiant altar of Vehumet.
   761 | D:2      | Became a worshipper of Vehumet
   802 | D:2      | Reached skill level 1 in Invocations
   811 | D:2      | Noticed Robin
   811 | D:2      | Noticed Natasha
   822 | D:2      | Killed Robin
   823 | D:2      | Reached skill level 1 in Short Blades
   823 | D:2      | Reached skill level 1 in Long Blades
   823 | D:2      | Reached skill level 1 in Maces & Flails
   823 | D:2      | Reached skill level 1 in Polearms
   823 | D:2      | Reached skill level 1 in Staves
   823 | D:2      | Reached skill level 1 in Ranged Weapons
   823 | D:2      | Reached skill level 1 in Throwing
   823 | D:2      | Reached skill level 1 in Dodging
   823 | D:2      | Reached skill level 1 in Shields
   823 | D:2      | Reached skill level 1 in Unarmed Combat
   823 | D:2      | Reached skill level 1 in Evocations
   826 | D:2      | HP: 1/31 [cerulean imp/+0 spear[Natasha] (2)]
   830 | D:2      | Slain by Natasha

Illustrated notes

Levels and vault maps discovered:
D:1:      minmay_arrival_stair_chambers, layout_basic, serial_shops,
          nicolae_shop_mannequins, kennysheep_small_spiral
D:2:      layout_basic, basic_altar, uniq_natasha, uniq_robin

Skill      XL: |  1  2  3 |
---------------+----------+-----
Air Magic      | 2 |  2.2
Spellcasting   | 5 |  5.0
Invocations    | 1 |  1.1
Short Blades   | 1 |  1.0
Long Blades    | 1 |  1.0
Maces & Flails | 1 |  1.0
Polearms       | 1 |  1.0
Staves         | 1 |  1.0
Ranged Weapons | 1 |  1.0
Throwing       | 1 |  1.0
Dodging        | 1 |  1.0
Shields        | 1 |  1.0
Unarmed Combat | 1 |  1.0
Evocations     | 1 |  1.0
Fighting       | |  4.6
Axes           | |  6.5
Armour         | |  2.7
Stealth        | |  2.5
Conjurations   | |  0.7
Hexes          | |  0.7
Summonings     | |  0.7
Necromancy     | |  0.7
Translocations | |  0.7
Transmutations | |  0.7
Fire Magic     | |  0.7
Ice Magic      | |  0.7
Earth Magic    | |  0.7
Poison Magic   | |  0.7
Shapeshifting  | |  0.7

Action                     || total
---------------------------++-------
  Melee: Hand axe          ||    92
         Bite              ||     7
         Punch             ||     2
    Use: Potion            ||     1
 Armour: Leather armour    ||     4
         Scale mail        ||    32
  Dodge: Dodged            ||    46

Table legend: (Time is in decaauts)
 A = Elapsed time spent in this place.
 B = Non-inter-level travel time spent in this place.
 C = Inter-level travel time spent in this place.
 D = Time resting spent in this place.
 E = Time spent auto-exploring this place.
 F = Levels seen in this place.
 G = Mean time per level.
                   A        B        C        D        E       F      G
               +--------+--------+--------+--------+--------+-----+--------+
         Total |    827 |    818 |      9 |      0 |    602 |   2 |  413.5 |
       Dungeon |    827 |    818 |      9 |      0 |    602 |   2 |  413.5 |
               +--------+--------+--------+--------+--------+-----+--------+

Top non-repeatable levels by time:
     D:1: 704 daAuts
     D:2: 122 daAuts
